 Dungeon Crawl Stone Soup version 0.31-a0-222-gefeffbb62a (webtiles) character file.

Game seed: 11491645802512469801

148 coffeetime the Covered (level 5, -2/48 HPs)
             Began as an Armataur Fighter on July 6, 2023.
             Was an Initiate of Gozag.
             Slain by a phantom (6 damage)
             ... on level 3 of the Dungeon.
             The game lasted 00:06:34 (2619 turns).

coffeetime the Covered (Armataur Fighter)           Turns: 2619, Time: 00:06:35

Health: -2/48      AC:  7    Str: 22    XL:     5   Next: 8%
Magic:  5/5        EV:  7    Int:  8    God:    Gozag
Gold:   255        SH:  4    Dex: 11    Spells: 4/4 levels left

rFire   . . .        g - +4 rapier (venom)
rCold   . . .        c - +0 buckler
rNeg    . . .        b - +0 scale mail
rPois   .            (no helmet)
rElec   .            (no cloak)
rCorr   .            (no gloves)
SInv    .            (no barding)
Will    .....        (no amulet) Stlth
                     (no ring)
HPRegen 0.28/turn    (no ring)
MPRegen 0.09/turn

%: roll
@: mighty
A: large, rugged brown scales 3, deformed body, armoured tail, roll, long
tongue, awkward tongue
a: Renounce Religion, Potion Petition, Call Merchant, Bribe Branch


You were on level 3 of the Dungeon.
You worshipped Gozag.
Gozag was aware of your devotion.
You visited 1 branch of the dungeon, and saw 4 of its levels.

You collected 295 gold pieces.
You paid 40 gold pieces to Gozag.

Inventory:

Hand Weapons
 a - a +0 flail
 g - a +4 rapier of venom (weapon)
 q - the +1 short sword of the Lost Beds {protect, rPois Will+}
   (You found it on level 2 of the Dungeon)

   rPois:     It protects you from poison.
   Will:      It increases your willpower.
Missiles
 e - 30 stones
 i - 3 poisoned darts (quivered)
 s - 2 boomerangs of dispersal
Armour
 b - a +0 scale mail (worn)
 c - a +0 buckler (worn)
Scrolls
 f - 2 scrolls of identify {unknown}
 h - 3 scrolls of teleportation {unknown}
 k - a scroll of immolation {unknown}
 m - a scroll of blinking {unknown}
 o - a scroll of enchant weapon {unknown}
 p - 3 scrolls of fear {unknown}
 r - a scroll of brand weapon {unknown}
Potions
 j - a potion of invisibility {unknown}
 l - 5 potions of lignification {unknown}
 n - a potion of ambrosia {unknown}
 t - a potion of resistance {unknown}


   Skills:
 + Level 3.6 Fighting
 - Level 1.9 Maces & Flails
 + Level 5.2 Armour
 + Level 0.8 Stealth
 + Level 4.2 Shields


You had 4 spell levels left.
You didn't know any spells.
Your spell library contained the following spells:

 Spells                   Type           Power      Damage    Failure   Level
 Poisonous Vapours        Pois/Air       0%         N/A       89%         2
 Mephitic Cloud           Conj/Pois/Air  0%         N/A       98%         3
 Freezing Cloud           Conj/Ice/Air   0%         6-21      100%        5


Dungeon Overview and Level Annotations

Branches:
Dungeon (4/15)
 Temple: D:4-7

Altars:
Gozag
Ru
Trog


Innate Abilities, Weirdness & Mutations

You are completely covered in rugged brown scales. (AC +3, +7% HP)
Armour fits poorly on your strangely shaped body.
You have a long armoured tail.
You roll when moving toward enemies. (Rampage)
Your long tongue fully drains potion bottles. (2x potion effects)
Your tongue gives you trouble enunciating. (1.5x scroll delay)


Message History

The phantom hits you but does no damage.
The phantom hits you.
You hit the phantom.
The phantom is lightly damaged.
The phantom hits you.
* * * LOW HITPOINT WARNING * * *
The phantom blinks!
You blink.
You completely miss the phantom. You tail-slap the phantom!
The phantom is moderately damaged.
The phantom hits you but does no damage.
You closely miss the phantom.
The phantom is moderately damaged.
The phantom closely misses you.
You completely miss the phantom.
The phantom is moderately damaged.
The phantom hits you.
* * * LOW HITPOINT WARNING * * *
You feel very mighty all of a sudden.
You slurp down every last drop of the potion of might!
The phantom barely misses you.
You closely miss the phantom.
The phantom is moderately damaged.
The phantom hits you.
* * * LOW HITPOINT WARNING * * *
The phantom barely misses you.
You barely miss the phantom.
The phantom is moderately damaged.
The phantom hits you.
* * * LOW HITPOINT WARNING * * *
You closely miss the phantom. You tail-slap the phantom!
The phantom is severely damaged.
The phantom hits you but does no damage.
You barely miss the phantom.
The phantom is severely damaged.
The phantom barely misses you.
You barely miss the phantom.
The phantom is severely damaged.
The phantom hits you.
You die...
Your body crumbles into a pile of gold.

#.#.#..######.####.##............
#.>......>..#.# #.##.##.########
####........#.## #.##.##.#.......
###.#.......###.......#.......
#.#.........####.##.#..###..
#.....$..##.## #.##.#..#_'..
###..#.#.##[.###.##.#..###..
#........W.....##.#.......
##.#.#.##@.######.#....... #####
##)......## #.####'### ....#
##.....## #......... ....#
##...## ##...##.#. ....# #...#
###..###... ....## #...#
#......#... .....## #...#
#.#........
......######...########.#..#.#<..
......................#.#..#.#...


You could see a phantom.

Vanquished Creatures
  An orc wizard (D:3)
  3 adders
  2 worms (D:2)
  4 dart slugs
  10 orcs (D:3)
  5 ball pythons
  7 endoplasms
  3 giant cockroaches
  4 goblins
  9 hobgoblins
  4 jackals (D:2)
  A quokka (D:2)
  6 bats
  3 kobolds
  6 rats
68 creatures vanquished.

Notes
Turn   | Place    | Note
-------+----------+-------------------------------------------
     0 | D:1      | coffeetime the Armataur Fighter began the quest for the
                  | Orb.
     0 | D:1      | Reached XP level 1. HP: 19/19 MP: 1/1
   107 | D:1      | Reached XP level 2. HP: 26/26 MP: 2/2
   192 | D:1      | Reached skill level 4 in Armour
   767 | D:2      | Reached XP level 3. HP: 33/33 MP: 3/3
  1153 | D:2      | Identified the +1 short sword of the Lost Beds {protect,
                  | rPois Will+}
  1167 | D:2      | Reached XP level 4. HP: 34/40 MP: 4/4
  1609 | D:3      | Found an opulent altar of Gozag.
  1618 | D:3      | Became a worshipper of Gozag Ym Sagoz the Greedy
  1677 | D:3      | Reached skill level 5 in Armour
  1920 | D:3      | Found a sacrificial altar of Ru.
  2012 | D:3      | Found a faded altar of an unknown god.
  2118 | D:3      | Reached XP level 5. HP: 48/48 MP: 5/5
  2261 | D:3      | Found a bloodstained altar of Trog.
  2412 | D:4      | Noticed an ogre
  2414 | D:4      | Noticed an ogre
  2577 | D:4      | Noticed a phantom
  2619 | D:3      | Slain by a phantom

Illustrated notes

Levels and vault maps discovered:
D:1:      evilmike_arrival_hilbert_curve, layout_basic
D:2:      layout_basic
D:3:      layout_loops_cross, mainiacjoe_overflow_small_starburst,
          mainiacjoe_overflow_large_starburst,
          hellmonk_ecumenical_altar_inner_sanctum
D:4:      layout_rooms, mainiacjoe_overflow_catwalk

Skill      XL: |  1  2  3  4 |
---------------+-------------+-----
Armour         | 4 5 |  5.2
Fighting       | 3 |  3.6
Shields        | 4 |  4.2
Maces & Flails | |  1.9
Stealth        | |  0.8

Action                     |  1- 3 |  4- 6 || total
---------------------------+-------+-------++-------
  Melee: Flail             |    23 |       ||    23
         Tailslap          |     9 |    10 ||    19
         Rapier            |    65 |    79 ||   144
  Throw: Dart              |       |     2 ||     2
    Use: Potion            |       |     1 ||     1
 Armour: Scale mail        |    48 |    37 ||    85
  Dodge: Dodged            |    40 |    26 ||    66
  Block: Buckler           |    17 |    15 ||    32

Table legend: (Time is in decaauts)
 A = Elapsed time spent in this place.
 B = Non-inter-level travel time spent in this place.
 C = Inter-level travel time spent in this place.
 D = Time resting spent in this place.
 E = Time spent auto-exploring this place.
 F = Levels seen in this place.
 G = Mean time per level.
                   A        B        C        D        E       F      G
               +--------+--------+--------+--------+--------+-----+--------+
         Total |   2659 |   2461 |    198 |    122 |   1780 |   4 |  664.8 |
       Dungeon |   2659 |   2461 |    198 |    122 |   1780 |   4 |  664.8 |
               +--------+--------+--------+--------+--------+-----+--------+

Top non-repeatable levels by time:
     D:3: 1074 daAuts
     D:2: 745 daAuts
     D:1: 711 daAuts
     D:4: 127 daAuts
